 Dungeon Crawl Stone Soup version 0.30-a0-364-gf6b3ef1 (webtiles) character file.

Game seed: 13004501163261084484

22 Dorkslayer the Trooper (level 2, 0/24 HPs)
             Began as a Merfolk Fighter on Nov 15, 2022.
             Slain by a gnoll
             ... wielding a +0 whip
              (5 damage)
             ... on level 2 of the Dungeon.
             The game lasted 00:01:48 (670 turns).

Dorkslayer the Trooper (Merfolk Fighter)             Turns: 670, Time: 00:01:48

Health: 0/24       AC:  6    Str: 16    XL:     2   Next: 91%
Magic:  2/2        EV:  9    Int:  7    God:
Gold:   46         SH:  4    Dex: 13    Spells: 1/1 levels left

rFire   . . .      SeeInvis .    a - +0 trident
rCold   . . .      Faith    .    c - +0 buckler
rNeg    . . .      Spirit   .    b - +0 scale mail
rPois   .          Reflect  .    (no helmet)
rElec   .          Harm     .    (no cloak)
rCorr   .          Rampage  .    (no gloves)
Will    .....                    (no boots)
Stlth   ..........               (no amulet)
HPRegen 0.24/turn                (no ring)
MPRegen 0.08/turn                (no ring)

@: lethally poisoned (0 -> -4)
A: (nimble swimmer 2), mertail
a: no special abilities


You were on level 2 of the Dungeon.
You visited 1 branch of the dungeon, and saw 2 of its levels.

You collected 46 gold pieces.

Inventory:

Hand Weapons
 a - a +0 trident (weapon)
Armour
 b - a +0 scale mail (worn)
 c - a +0 buckler (worn)
Scrolls
 f - a scroll of identify {unknown}
 g - a scroll of magic mapping {unknown}
Potions
 d - a potion of might
 e - 2 potions of curing {unknown}


   Skills:
 + Level 3.4 Fighting
 + Level 2.8 Polearms
 + Level 2.5 Armour
 * Level 1.2 Dodging
 + Level 3.1 Shields


You had one spell level left.
You didn't know any spells.
Your spell library contained the following spells:

 Spells                   Type           Power      Damage    Failure   Level
 Ozocubu's Armour         Ice            0%         N/A       100%        3
 Metabolic Englaciation   Hex/Ice        0%         N/A       100%        5
 Simulacrum               Ice/Necr       0%         N/A       100%        6


Dungeon Overview and Level Annotations

Branches:
Dungeon (2/15)

Altars:


Innate Abilities, Weirdness & Mutations

((You are very nimble when in or above water. (Stealth+, EV+, Speed+++)))
Your lower body shifts to a powerful aquatic tail in water.


Message History

a frilled lizard corpse; a hobgoblin corpse
There is an open door, spattered with blood here.
There is an open door, spattered with blood here.
Things that are here:
a frilled lizard corpse; a hobgoblin corpse You pick up a book of Winter and begin reading...
You add the spells Ozocubu's Armour, Metabolic Englaciation and Simulacrum to your library.
Done exploring.
You open the door.
There is an open door here.
There is a stone staircase leading down here.
You climb downwards.
The adder hisses angrily.
The gnoll shouts!
You hear a shout!
Found a viscous white potion.
Found two stone staircases leading down.
There is a stone staircase leading up here.
A gnoll comes into view. It is wielding a +0 halberd of pain.
Found a scroll labelled CASUROCONI.
The quokka falls through a shaft!
The shaft crumbles and collapses.
You open the door.
The gnoll throws a throwing net.
The throwing net hits you.
You become entangled in the net!
Found 13 gold pieces.
You struggle against the net.
The adder bites you but does no damage.
You struggle against the net.
The adder bites you but does no damage. The gnoll hits you but does no damage.
You struggle against the net.
The adder bites you but does no damage. The gnoll barely misses you.
You struggle against the net.
The adder bites you but does no damage. x2
A goblin comes into view. It is wielding a +0 dagger.
The gnoll hits you from afar with a +0 spear.
The gnoll hits you with a +0 whip.
You rip the net and break free!
The adder bites you.
You are poisoned.
The adder poisons you! The gnoll barely misses you.
The gnoll hits you with a +0 whip.
The gnoll hits you from afar with a +0 spear.
* * * LOW HITPOINT WARNING * * *
* * * LOW HITPOINT WARNING * * *
You feel sick. The gnoll hits you with a +0 whip.
You die...

##.?....
#.........
...#......
#.g.....####
##......#≈≈
#....!..#≈♣
##.#...g.#≈♣.♣
#>.....gS@..♣
#.>.....g#≈♣$♣
#.....<..#≈♣
#.........#≈≈
#.........####
#...........
.............
...............
........#......


You could see 3 gnolls, an adder and a goblin.

Vanquished Creatures
  2 dart slugs (D:1)
  2 endoplasms (D:1)
  A giant cockroach (D:1)
  4 hobgoblins (D:1)
  A quokka (D:1)
  2 ball pythons (D:1)
  A frilled lizard (D:1)
  A kobold (D:1)
  4 rats (D:1)
18 creatures vanquished.

Notes
Turn   | Place    | Note
-------+----------+-------------------------------------------
     0 | D:1      | Dorkslayer the Merfolk Fighter began the quest for the Orb.
     0 | D:1      | Reached XP level 1. HP: 18/18 MP: 1/1
   247 | D:1      | Reached skill level 1 in Dodging
   247 | D:1      | Reached XP level 2. HP: 24/24 MP: 2/2
   670 | D:2      | Slain by a gnoll

Illustrated notes

Levels and vault maps discovered:
D:1:      lightli_arrival_windingriver, layout_basic
D:2:      minmay_spotlight, layout_rooms, chequers_ecumenical_altar_island,
          st_stairs_13, kennysheep_generic_room_9, uniq_crazy_yiuf_cottage,
          uniq_jessica

Skill      XL: |  1 |
---------------+----+-----
Dodging        | 1 |  1.2
Fighting       | |  3.4
Polearms       | |  2.8
Armour         | |  2.5
Shields        | |  3.1

Action                   || total
-------------------------++-------
Melee: Trident           ||    48
Armor: Scale mail        ||    25
Dodge: Dodged            ||    11
Block: Buckler           ||     5

Table legend: (Time is in decaauts)
 A = Elapsed time spent in this place.
 B = Non-inter-level travel time spent in this place.
 C = Inter-level travel time spent in this place.
 D = Time resting spent in this place.
 E = Time spent auto-exploring this place.
 F = Levels seen in this place.
 G = Mean time per level.
                   A        B        C        D        E       F      G
               +--------+--------+--------+--------+--------+-----+--------+
         Total |    675 |    675 |      0 |      0 |    291 |   2 |  337.5 |
       Dungeon |    675 |    675 |      0 |      0 |    291 |   2 |  337.5 |
               +--------+--------+--------+--------+--------+-----+--------+

Top non-repeatable levels by time:
     D:1: 666 daAuts
     D:2: 8 daAuts
